 Dungeon Crawl Stone Soup version 0.18.1-48-g4cf74bf (webtiles) character file.

130832 Gargoyl the Protected (level 16, -9/116 HPs)
             Began as a Demonspawn Abyssal Knight on Sept 10, 2016.
             Was the Champion of Lugonu.
             Killed by divine providence
             ... invoked by a deep elf high priest
              (15 damage)
             ... on level 1 of the Elven Halls.
             The game lasted 01:27:21 (42316 turns).

Gargoyl the Protected (Demonspawn Abyssal Knight)  Turns: 42316, Time: 01:27:21

Health: -9/116     AC: 34    Str: 17    XL:     16   Next: 53%
Magic:  33/33      EV: 10    Int: 15    God:    Lugonu [******]
Gold:   654        SH: 17    Dex: 20    Spells: 0 memorised, 15 levels left

rFire  + + +     SeeInvis +     B - +2 war axe (elec)
rCold  . . .     Gourm    .     i - +0 plate armour "Nilaok" {*Drain rF+ MP+9 Dex+5}
rNeg   . . .     Faith    .     r - +4 shield {reflect}
rPois  .         Spirit   .     G - +2 hat
rElec  +         Dismiss  .     q - +1 cloak
rCorr  +         Reflect  +     u - +0 pair of gloves {Dex+3}
SustAt .         Harm     .     k - +2 pair of boots of Sloth {SInv}
MR     +....                    (no amulet)
Stlth  ..........               a - ring "Eru Lale" {rElec rF+}
                                I - ring of the Doge {rCorr +Blink Int+2 Slay+2}

@: drained, somewhat resistant to hostile enchantments, extremely unstealthy
A: claws 2, fangs 1, iridescent scales 3, demonic guardian 1, dopey 1, fire
resistance 1, frail 1, high mp 1, nightstalker 2, sense surroundings 2, weak 1,
flame cloud immunity
a: Depart the Abyss, Bend Space, Banish, Corrupt, Enter the Abyss, Brand Weapon
With Distortion, Renounce Religion, Evoke Blink


You were on level 1 of the Elven Halls.
You worshipped Lugonu.
Lugonu was exalted by your worship.
You were not hungry.

You visited 5 branches of the dungeon, and saw 27 of its levels.
You visited the Abyss 2 times.

You collected 3218 gold pieces.
You spent 2564 gold pieces at shops.

Inventory:

Hand Weapons
 f - a +1 hand axe of flaming
 g - a +9 war axe
 t - a +0 broad axe
 B - a +2 war axe of electrocution (weapon)
 J - a +0 scimitar
Missiles
 m - 17 tomahawks
 S - 5 javelins (quivered)
Armour
 i - the +0 plate armour "Nilaok" (worn) {*Drain rF+ MP+9 Dex+5}
   (You bought it in a shop on level 8 of the Dungeon)

   It affects your dexterity (+5).
   It protects you from fire.
   It affects your magic capacity (+9).
   It causes draining when unequipped.
 k - the +2 pair of boots of Sloth (worn) {SInv}
   (You bought it in a shop on level 2 of the Orcish Mines)

   It lets you see invisible.
 q - a +1 cloak (worn)
 r - a +4 shield of reflection (worn)
 u - a +0 pair of gloves of dexterity (worn)
 G - a +2 hat (worn)
Jewellery
 a - the ring "Eru Lale" (right hand) {rElec rF+}
   (You bought it in a shop on level 8 of the Dungeon)

   [ring of protection from fire]

   It protects you from fire.
   It insulates you from electricity.
 x - an uncursed ring of sustain attributes
 C - an uncursed ring of fire {unknown}
 I - the ring of the Doge (left hand) {rCorr +Blink Int+2 Slay+2}
   (You found it on level 14 of the Dungeon)

   [ring of resist corrosion]

   It affects your intelligence (+2).
   It affects your accuracy and damage with ranged weapons and melee attacks
   (+2).
   It lets you blink.
 O - an uncursed ring of resist corrosion
 Q - an uncursed ring of stealth
Wands
 h - a wand of disintegration (12/24)
 p - a wand of lightning (5/15)
 w - a wand of digging (9/24)
 H - a wand of teleportation (0/9)
 K - a wand of teleportation (1/9)
 V - a wand of digging (13/24)
 Y - a wand of disintegration (2/24)
Scrolls
 b - 3 scrolls of magic mapping
 d - 6 scrolls of recharging
 e - 13 scrolls of remove curse
 o - 2 scrolls of fog
 s - 2 scrolls of fear
 E - 3 scrolls of amnesia
Potions
 l - 4 potions of brilliance
 n - a potion of magic
 F - a potion of flight
 T - a potion of invisibility
Books
 y - a book of the Dragon

   Spells                             Type                      Level
   a - Flame Tongue                   Conjuration/Fire             1
   b - Cause Fear                     Hexes                        4
   c - Bolt of Fire                   Conjuration/Fire             6
   d - Dragon Form                    Transmutation                7
   e - Dragon's Call                  Summoning                    9
 M - the Tome of Stolen Souls
   (You found it on level 1 of the Elven Halls)

   Spells                             Type                      Level
   a - Pain                           Necromancy                   1
   b - Vampiric Draining              Necromancy                   3
   c - Control Undead                 Necromancy                   4
   d - Excruciating Wounds            Charms/Necromancy            5
Miscellaneous
 L - a phial of floods (inert)
Comestibles
 c - 4 bread rations
 j - 3 slices of pizza
 z - 6 meat rations
 D - 7 beef jerkies
 N - 15 fruits


   Skills:
 + Level 12.6(12.0) Fighting
 + Level 13.8(13.2) Axes
 + Level 1.2(0.8) Throwing
 * Level 14.4(13.8) Armour
 + Level 7.7(7.2) Dodging
 + Level 3.8(3.3) Stealth
 + Level 12.1(11.5) Shields
 + Level 8.0(7.4) Invocations
 + Level 0.2(0.0) Evocations


You had 15 spell levels left.
You didn't know any spells.

Dungeon Overview and Level Annotations

Branches:
Dungeon (15/15)            Temple (0/1) D:6            Lair (8/8) D:8
 Shoals (1/4) Lair:5        Snake (0/4) Lair:6        Slime (0/6) Lair:6
    Orc (2/2) D:10            Elf (1/3) Orc:2        Vaults (0/5) D:13
 Depths: D:15

Altars:
Ashenzari
Dithmenos
Fedhas
Gozag
Kikubaaqudgha
Makhleb
Okawaru
Pakellas
Qazlal
Trog
Vehumet
Xom
Yredelemnul
Zin
Beogh
Jiyva

Shops:
D:8 [(=   Orc:1 *   Orc:2 *([[

Portals:
Hell: Lair:8

Annotations:
D:6 exclusion: oklob plant
Abyss:1 Kirke, Saint Roka, Snorg


Innate Abilities, Weirdness & Mutations

You have very sharp fingernails.
You are completely covered in iridescent scales (AC +8).
A weak demonic guardian rushes to your aid.
Your flesh is heat resistant.
You are significantly more attuned to the shadows.
You are immune to clouds of flame.
You have very sharp teeth.
You are dopey. (Int -2)
You are frail (-10% HP).
You have an increased reservoir of magic (+10% MP).
You passively map the area around you.
You are weak. (Str -2)


Message History

You block the deep elf annihilator's attack.
Unknown command.
You barely miss the deep elf annihilator.
The deep elf annihilator is severely wounded.
Your plate armour "Nilaok" prevents you from hitting the deep elf high priest.
The deep elf high priest is heavily wounded.
The deep elf high priest mumbles some strange prayers to its god against you.
Something smites you!
* * * LOW HITPOINT WARNING * * *
The deep elf death mage beckons forth a restless soul!
Drink which item? (? for menu, Esc to quit)
Okay, then.
You slash the deep elf annihilator!
The deep elf annihilator is almost dead.
You completely miss the deep elf high priest.
The deep elf high priest is heavily wounded.
You block the deep elf annihilator's attack.
The deep elf high priest mumbles some strange prayers to its god against you.
Something smites you!
You die...

#...##.#...........#.##.#### #.##
#..................#.......# #...
##......####.........##.##.###.##
....###.###.............##.##.#..
##.####.##.......#.#)##.......#.>
#.#...........#.#.)....##.##.#..
#.#.##.##.#####.#.#(.)....###.##
#.#.##.##)##.e..e.#.......# ##..
#......##.##.##@#)#....##.# ###
###.#####.##.##e#.#..#.##.#
##...#####.....((#.#.......#
#.###........e.e.#....###.##
.#...#..##....*..###.#...#.#
.#...#..##...(..(###.#...#.#
'#...#.###...........#...#.#
'.###............####.###.##
'#....####.......# #....##


You could see a deep elf annihilator, a deep elf death mage, a deep elf archer,
a deep elf high priest and a lost soul.

Vanquished Creatures
  A deep elf master archer (Elf:1)
  Agnes (D:14)
  Louise (D:14)
  A frost giant (D:14)
  An orc warlord (Orc:2)
  A very ugly thing (D:14)
  2 dire elephants (Lair:8)
  Azrael (D:12)
  An ettin (D:14)
  A fire dragon (D:15)
  A deep elf death mage (Elf:1)
  Josephine (Orc:2)
  Fannar (D:12)
  2 hydras
  Harold (Lair:2)
  3 centaur warriors (D:15)
  2 catoblepae
  The ghost of Tagedieb the Jinx, a journeyman OpEn of Dithmenos (D:11)
  An ogre mage (D:13)
  2 tengu warriors
  2 dancing weapons (Elf:1)
  An orc high priest (Orc:2)
  3 deep elf knights (Elf:1)
  A hell knight (D:15)
  Nergalle (Lair:2)
  A sun demon (Lair:8)
  5 skeletal warriors
  3 large abominations (Elf:1)
  5 unseen horrors
  A phantasmal warrior (D:13)
  Pikel (D:6)
  A lindwurm (shapeshifter) (Elf:1)
  2 orc knights
  4 hill giants
  3 deep elf archers (Elf:1)
  18 deep elf magi
  3 harpies (Lair:5)
  2 ugly things
  2 necromancers (Elf:1)
  2 orb spiders (shapeshifter) (D:15)
  An orc sorcerer (Orc:1)
  3 griffons
  3 cyclopes
  3 manticores
  4 centaur zombies
  16 elephants
  Psyche (D:12)
  2 gargoyles
  4 black mambas
  A torpor snail (Lair:8)
  An ice statue (D:13)
  4 orange demons (Lair:8)
  2 kobold demonologists
  A smoke demon (Lair:8)
  3 rime drakes
  6 komodo dragons
  13 spiny frogs
  A freezing wraith (D:13)
  An efreet (D:14)
  3 red devils (Lair:8)
  A tengu conjurer (D:13)
  An ice devil (Lair:8)
  A merfolk (Shoals:1)
  4 two-headed ogres
  A polar bear (shapeshifter) (D:15)
  2 polar bears
  11 trolls
  2 boulder beetles (Lair:6)
  5 blink frogs
  A harpy skeleton (D:15)
  A snapping turtle (Lair:5)
  3 shadows
  53 yaks
  8 wraiths
  6 hogs (D:12)
  A yak (shapeshifter) (D:15)
  An air elemental (Elf:1)
  4 fire elementals (D:12)
  10 wyverns
  A basilisk (D:12)
  A hill giant zombie (D:10)
  3 vampire mosquitoes (D:12)
  5 hungry ghosts
  A steam dragon (D:14)
  3 nagas (Lair:6)
  Edmund (D:6)
  8 hippogriffs
  A mottled dragon (D:12)
  2 wargs (Orc:1)
  6 porcupines
  5 hell hounds
  17 water moccasins
  7 black bears
  4 ice beasts
  46 orc warriors
  7 sky beasts
  3 eyes of draining
  A tengu (shapeshifter) (D:14)
  8 ogres
  A boggart (D:15)
  A necrophage (D:8)
  4 wolves
  5 centaurs
  16 crocodiles
  2 elf zombies (Elf:1)
  A big kobold (D:13)
  27 giant frogs
  An earth elemental (Elf:1)
  A wyvern zombie (D:12)
  A scorpion (D:10)
  8 killer bees
  A troll zombie (D:10)
  4 wights (D:13)
  6 howler monkeys
  A giant frog zombie (D:7)
  7 crimson imps
  7 hounds
  2 lava snakes (Lair:6)
  10 centaur skeletons
  8 jellies
  5 giant frog skeletons
  21 orc priests
  Ijyb (D:3)
  7 iguanas
  30 orc wizards
  7 worker ants
  20 sheep
  6 ogre zombies (D:10)
  3 gnolls (D:3)
  6 adders
  2 howler monkey skeletons
  59 river rats
  4 shadow imps
  19 oozes
  An adder skeleton (D:4)
  2 worms
  3 dart slugs
  8 giant geckos
  101 orcs
  11 bats
  5 giant cockroaches
  15 goblins
  13 hobgoblins
  12 jackals
  24 kobolds
  4 quokkas
  A giant gecko skeleton (D:7)
  7 giant newts
  3 goblin skeletons (D:10)
  2 goblin zombies (D:10)
  3 hobgoblin zombies (D:10)
  2 orc skeletons (D:10)
  15 orc zombies (D:10)
  11 rats
  A butterfly (Lair:1)
  2 fungi
  A plant (Lair:5)
957 creatures vanquished.

Vanquished Creatures (collateral kills)
  A centaur warrior (D:8)
  A wizard (Lair:8)
  A hill giant (D:13)
  A harpy (Lair:5)
  A deep elf mage (Elf:1)
  A necromancer (Elf:1)
  An ugly thing (D:15)
  A sixfirhy (Lair:8)
  A cyclops (D:8)
  A black mamba (Lair:1)
  3 spiny frogs
  2 komodo dragons
  An ice devil (Lair:8)
  A blink frog (Lair:6)
  3 yaks (Lair:8)
  A vampire mosquito (D:12)
  A sky beast (D:5)
  A phantom (D:5)
  A crocodile (Lair:2)
  A centaur (D:7)
  A big kobold (D:5)
  A howler monkey (D:9)
  2 jellies
  2 hounds (D:8)
  An orc priest (D:5)
  2 orc wizards
  A centaur skeleton (D:5)
  A sheep (Lair:8)
  A river rat (Lair:8)
  An ooze (D:6)
  6 orcs
  A jackal (D:6)
  A ball python (D:5)
  2 kobolds (D:5)
48 creatures vanquished.

Vanquished Creatures (others)
  A deep elf master archer (Elf:1)
  A sphinx (D:5)
  Nessos (Lair:7)
  A deep elf high priest (Elf:1)
  A centaur warrior (D:13)
  6 hydras
  A dancing weapon (Elf:1)
  3 deep elf archers (Elf:1)
  An ugly thing (D:12)
  A cyclops (D:15)
  2 boulder beetles (Lair:6)
  A slave (D:6)
  2 orc warriors
  2 centaurs (D:15)
  A killer bee (D:12)
  A howler monkey (D:6)
  An orc wizard (Orc:1)
  A hound skeleton (D:5)
  A bush (D:5)
  11 fungi
  5 plants
45 creatures vanquished.

Grand Total: 1050 creatures vanquished

Notes
Turn   | Place    | Note
--------------------------------------------------------------
     0 | Abyss:1  | Gargoyl the Demonspawn Abyssal Knight began the quest for the Orb.
     0 | Abyss:1  | Reached XP level 1. HP: 18/18 MP: 2/2
    44 | Abyss:1  | Noticed a large abomination
    56 | D:1      | Escaped the Abyss
   175 | D:1      | Reached skill level 1 in Dodging
   176 | D:1      | Reached * piety under Lugonu
   177 | D:1      | Gained mutation: You have sharp fingernails. [demonic ancestry]
   177 | D:1      | Reached XP level 2. HP: 22/24 MP: 3/3
   177 | D:1      | Reached skill level 2 in Armour
   340 | D:1      | Gained mutation: You are partially covered in iridescent scales (AC +4). [demonic ancestry]
   340 | D:1      | Reached XP level 3. HP: 25/29 MP: 4/4
   773 | D:1      | Found a shimmering altar of Xom.
   977 | D:2      | Found a basalt altar of Yredelemnul.
  1020 | D:2      | Found a bloodstained altar of Trog.
  1078 | D:2      | Reached ** piety under Lugonu
  1218 | D:2      | Found a shadowy altar of Dithmenos.
  1415 | D:2      | Reached XP level 4. HP: 28/37 MP: 5/5
  1958 | D:3      | Noticed Ijyb
  1988 | D:3      | Killed Ijyb
  2209 | D:3      | Gained mutation: You have very sharp fingernails. [demonic ancestry]
  2209 | D:3      | Reached XP level 5. HP: 40/42 MP: 6/6
  2442 | D:3      | Reached *** piety under Lugonu
  3258 | D:4      | Gained mutation: A weak demonic guardian rushes to your aid. [demonic ancestry]
  3258 | D:4      | Reached XP level 6. HP: 45/49 MP: 7/7
  3488 | D:5      | Entered Level 5 of the Dungeon
  3608 | D:5      | Reached skill level 3 in Armour
  3746 | D:5      | Found a radiant altar of Vehumet.
  4016 | D:5      | Found an oddly glowing altar of Pakellas.
  4017 | D:5      | Noticed a sphinx
  4035 | D:5      | Killed a sphinx
  4102 | D:5      | Reached skill level 5 in Fighting
  4121 | D:5      | Noticed a sky beast
  4132 | D:5      | Killed a sky beast
  4132 | D:5      | Gained mutation: You are mostly covered in iridescent scales (AC +6). [demonic ancestry]
  4132 | D:5      | Reached XP level 7. HP: 45/56 MP: 8/8
  4136 | D:5      | Gained mutation: You are weak. (Str -2) [mutagenic meat]
  4137 | D:5      | Gained mutation: You have supernaturally acute eyesight. [mutagenic meat]
  4138 | D:5      | Gained mutation: You expend magic power (3 MP) to strengthen your wands. [mutagenic meat]
  4139 | D:5      | Gained mutation: You have a pair of small antennae on your head. [mutagenic meat]
  4409 | D:5      | Lost mutation: You are weak. (Str -2) [potion of cure mutation]
  4467 | D:5      | Reached **** piety under Lugonu
  4671 | D:5      | Reached skill level 4 in Armour
  4934 | D:6      | Noticed Pikel
  4954 | D:6      | Killed Pikel
  4954 | D:6      | Reached skill level 5 in Axes
  4954 | D:6      | Reached skill level 5 in Armour
  4954 | D:6      | Gained mutation: You are slightly more attuned to the shadows. [demonic ancestry]
  4954 | D:6      | Reached XP level 8. HP: 38/64 MP: 9/9
  5131 | D:6      | Found a staircase to the Ecumenical Temple.
  5363 | D:6      | Noticed Edmund
  5378 | D:6      | Killed Edmund
  5486 | D:6      | Found an iron altar of Okawaru.
  5603 | D:6      | Found an opulent altar of Gozag.
  5610 | D:6      | Found a glowing silver altar of Zin.
  5684 | D:6      | Noticed an oklob plant
  5709 | D:6      | Reached skill level 6 in Armour
  5722 | D:6      | Reached ***** piety under Lugonu
  5764 | D:6      | Reached XP level 9. HP: 60/71 MP: 10/10
  5852 | D:6      | Reached skill level 1 in Stealth
  6058 | D:7      | Found a stormy altar of Qazlal.
  6115 | D:7      | Found a blossoming altar of Fedhas.
  6134 | D:7      | Noticed a troll
  6144 | D:7      | Killed a troll
  6309 | D:7      | Lost mutation: You expend magic power (3 MP) to strengthen your wands. [potion of cure mutation]
  6722 | D:7      | Reached skill level 1 in Shields
  7163 | D:8      | Found Juticac's Antique Weapon Boutique.
  7307 | D:8      | Found Johes's Antique Armour Boutique.
  7325 | D:8      | Found a shattered altar of Ashenzari.
  7384 | D:8      | Found a burning altar of Makhleb.
  7462 | D:8      | Found a staircase to the Lair.
  7502 | D:8      | Noticed a komodo dragon
  7510 | D:8      | Reached skill level 7 in Armour
  7524 | D:8      | Killed a komodo dragon
  7788 | D:8      | Noticed a centaur warrior
  7794 | D:8      | Killed a centaur warrior
  7794 | D:8      | Gained mutation: Your flesh is heat resistant. [demonic ancestry]
  7794 | D:8      | Reached XP level 10. HP: 63/79 MP: 11/11
  7835 | D:8      | Noticed a hill giant
  7836 | D:8      | Noticed a cyclops
  7868 | Lair:1   | Entered Level 1 of the Lair of Beasts
  8612 | Lair:1   | Noticed a black mamba
  8620 | Lair:1   | Killed a black mamba
  8620 | Lair:1   | Reached skill level 8 in Armour
  9015 | Lair:1   | Noticed a seven-headed hydra
  9019 | Lair:1   | Banished a seven-headed hydra
  9039 | Lair:1   | Noticed a spiny frog
  9249 | Lair:1   | Killed a spiny frog
  9365 | Lair:1   | Noticed a spiny frog
  9376 | Lair:1   | Killed a spiny frog
  9753 | Lair:1   | Killed a hill giant
  9753 | Lair:1   | Reached skill level 9 in Armour
  9936 | D:8      | Killed a cyclops
 10006 | D:8      | Gained mutation: You are covered in fur (AC +1). [mutagenic meat]
 10007 | D:8      | Gained mutation: You passively map a small area around you. [mutagenic meat]
 10008 | D:8      | Lost mutation: You have supernaturally acute eyesight. [mutagenic meat]
 10009 | D:8      | Gained mutation: Potions and wands are less effective at restoring your health. [mutagenic meat]
 10010 | D:8      | Gained mutation: You tend to lose your temper in combat. [mutagenic meat]
 10184 | D:8      | Found Voysy's Jewellery Emporium.
 10199 | D:8      | Bought the ring "Eru Lale" {rElec rF+} for 624 gold pieces
 10727 | D:9      | Reached ****** piety under Lugonu
 10850 | D:9      | Reached XP level 11. HP: 85/86 MP: 13/13
 10903 | D:9      | Found an ancient bone altar of Kikubaaqudgha.
 11002 | D:9      | Reached skill level 5 in Dodging
 11008 | D:9      | Gained mutation: Your spells are a little harder to cast, but a little more powerful. [mutagenic meat]
 11009 | D:9      | Lost mutation: You tend to lose your temper in combat. [mutagenic meat]
 11012 | D:9      | Gained mutation: You are clumsy. (Dex -2) [mutagenic meat]
 11346 | Lair:2   | Noticed Nergalle
 11355 | Lair:2   | Noticed a spectral orc warlord
 11378 | Lair:2   | Killed Nergalle
 11761 | Lair:2   | Noticed Harold
 11770 | Lair:2   | Killed Harold
 11899 | Lair:2   | Reached skill level 5 in Shields
 12938 | Lair:3   | Noticed a four-headed hydra
 12942 | Lair:3   | Banished a four-headed hydra
 12962 | Lair:3   | Reached skill level 10 in Armour
 14429 | Lair:4   | Noticed a four-headed hydra
 14440 | Lair:4   | Banished a four-headed hydra
 14440 | Lair:4   | Gained mutation: You are significantly more attuned to the shadows. [demonic ancestry]
 14440 | Lair:4   | Reached XP level 12. HP: 69/94 MP: 5/14
 16829 | Lair:5   | Found a staircase to the Shoals.
 17400 | Lair:6   | HP: 1/95 [boulder beetle (17)]
 17405 | Lair:6   | Reached skill level 11 in Armour
 17885 | Lair:6   | Got a steaming scimitar
 17897 | Lair:6   | Identified the +2 scimitar "Vuptovie" {slice, rF++ MR- Dex+4} (You found it on level 6 of the Lair of Beasts)
 17913 | Lair:6   | Noticed a seven-headed hydra
 17920 | Lair:6   | Banished a seven-headed hydra
 17939 | Lair:6   | Reached skill level 5 in Invocations
 18110 | Lair:6   | Found a staircase to the Snake Pit.
 18160 | Lair:6   | Noticed a six-headed hydra
 18162 | Lair:6   | Banished a six-headed hydra
 18303 | Lair:6   | Reached skill level 10 in Axes
 18443 | Lair:6   | Found a viscous altar of Jiyva.
 18444 | Lair:6   | Found a staircase to the Slime Pits.
 18571 | Lair:6   | Noticed a four-headed hydra
 18571 | Lair:6   | Banished a four-headed hydra
 18884 | Lair:7   | Gained mutation: You are completely covered in iridescent scales (AC +8). [demonic ancestry]
 18884 | Lair:7   | Reached XP level 13. HP: 33/101 MP: 17/17
 19336 | Lair:7   | Noticed Nessos
 19365 | Lair:7   | Killed Nessos
 19992 | Lair:8   | Entered Level 8 of the Lair of Beasts
 20494 | Lair:8   | Lost mutation: Potions and wands are less effective at restoring your health. [potion of cure mutation]
 20494 | Lair:8   | Lost mutation: You are clumsy. (Dex -2) [potion of cure mutation]
 20494 | Lair:8   | Lost mutation: You have a pair of small antennae on your head. [potion of cure mutation]
 20494 | Lair:8   | Lost mutation: You are covered in fur (AC +1). [potion of cure mutation]
 20512 | Lair:8   | Reached skill level 10 in Fighting
 20703 | Lair:8   | Noticed a dire elephant
 20732 | Lair:8   | Killed a dire elephant
 21035 | Lair:8   | Noticed a dire elephant
 21066 | Lair:8   | Killed a dire elephant
 21276 | Lair:8   | Found a burning altar of Makhleb.
 21380 | Lair:7   | Reached skill level 12 in Armour
 22886 | Lair:8   | Found a gateway to Hell.
 22987 | Lair:8   | Reached XP level 14. HP: 111/111 MP: 18/18
 23253 | D:10     | Entered Level 10 of the Dungeon
 23301 | D:10     | Found a staircase to the Orcish Mines.
 23703 | D:10     | Noticed Snorg
 23977 | D:10     | Banished Snorg
 24466 | Orc:1    | Entered Level 1 of the Orcish Mines
 24965 | Orc:1    | Found Fusown's Off-Brand Ammunition.
 25254 | Orc:2    | Entered Level 2 of the Orcish Mines
 25260 | Orc:2    | Noticed Saint Roka
 26639 | Orc:2    | Banished Saint Roka
 26639 | Orc:2    | Reached skill level 1 in Throwing
 26762 | Orc:1    | Found a burning altar of Makhleb.
 27020 | Orc:2    | Found a roughly hewn altar of Beogh.
 27267 | Orc:2    | Noticed an orc warlord
 27495 | Orc:2    | Killed an orc warlord
 27635 | Orc:2    | Found a roughly hewn altar of Beogh.
 27654 | Orc:2    | Found Turoonua's Antique Armour Boutique.
 27700 | Orc:2    | Found a staircase to the Elven Halls.
 27776 | Orc:2    | Found a roughly hewn altar of Beogh.
 28049 | Orc:2    | Found a roughly hewn altar of Beogh.
 28420 | Orc:2    | Found a roughly hewn altar of Beogh.
 28446 | Orc:2    | Found Hoomnol's General Store.
 28463 | Orc:2    | Bought a scroll of acquirement for 780 gold pieces
 28537 | Orc:2    | Noticed Josephine
 28541 | Orc:2    | Found a roughly hewn altar of Beogh.
 28559 | Orc:2    | Killed Josephine
 28848 | Orc:2    | Found Useuth's Antique Weapon Shop.
 28849 | Orc:2    | Found Guurgh's Antique Armour Boutique.
 28849 | Orc:2    | Found a roughly hewn altar of Beogh.
 28867 | Orc:2    | Bought a pair of warped boots for 218 gold pieces
 28872 | Orc:2    | Identified the +2 pair of boots of Sloth {SInv} (You bought it in a shop on level 2 of the Orcish Mines)
 29063 | D:8      | Bought an encrusted plate armour for 812 gold pieces
 29073 | D:8      | Identified the cursed +0 plate armour "Nilaok" {*Drain rF+ MP+9 Dex+5} (You bought it in a shop on level 8 of the Dungeon)
 29075 | D:8      | Bought a shiny helmet for 130 gold pieces
 29369 | Elf:1    | Entered Level 1 of the Elven Halls
 29798 | D:11     | Noticed Tagedieb's ghost (journeyman OpEn)
 29812 | D:11     | Killed Tagedieb's ghost
 30497 | D:12     | Gained mutation: You have very sharp teeth. [mutagenic meat]
 30498 | D:12     | Lost mutation: Your spells are a little harder to cast, but a little more powerful. [mutagenic meat]
 30645 | D:12     | Reached skill level 10 in Shields
 30727 | D:12     | Reached skill level 13 in Armour
 30818 | D:12     | Noticed Azrael
 30841 | D:12     | Killed Azrael
 30950 | D:12     | Noticed Psyche
 30964 | D:12     | Killed Psyche
 30968 | D:12     | Reached XP level 15. HP: 119/119 MP: 5/20
 31164 | D:12     | Gained mutation: You passively map the area around you. [mutagenic meat]
 31165 | D:12     | Gained mutation: You have an increased reservoir of magic (+10% MP). [mutagenic meat]
 31166 | D:12     | Gained mutation: You are frail (-10% HP). [mutagenic meat]
 31167 | D:12     | Gained mutation: You are dopey. (Int -2) [mutagenic meat]
 31174 | D:12     | Noticed Fannar
 31189 | D:12     | Killed Fannar
 31348 | D:12     | Noticed Kirke
 31439 | D:12     | Noticed a sphinx
 31439 | D:12     | Banished Kirke
 32729 | D:13     | Found a gate to the Vaults.
 32791 | D:13     | Found an ancient bone altar of Kikubaaqudgha.
 32874 | D:13     | Gained mutation: You are weak. (Str -2) [mutagenic meat]
 32875 | D:13     | Gained mutation: Your body sometimes deteriorates upon taking damage. [mutagenic meat]
 32877 | D:13     | Gained mutation: You are very frail (-20% HP). [mutagenic meat]
 34346 | D:14     | Got a heavily runed granite ring
 34348 | D:14     | Identified the ring of the Doge {rCorr +Blink Int+2 Slay+2} (You found it on level 14 of the Dungeon)
 34456 | D:14     | Noticed Louise
 34468 | D:14     | Cast into level 3 of the Abyss (Louise)
 34476 | D:14     | Escaped the Abyss
 34490 | D:14     | Killed Louise
 34722 | D:14     | Found a stormy altar of Qazlal.
 34724 | D:14     | Gained mutation: Your spells are a little harder to cast, but a little more powerful. [potion of mutation]
 35005 | D:14     | Noticed Agnes
 35021 | D:14     | Killed Agnes
 35259 | D:13     | Lost mutation: Your spells are a little harder to cast, but a little more powerful. [mutagenic meat]
 35260 | D:13     | Lost mutation: You are very frail (-20% HP). [mutagenic meat]
 35261 | D:13     | Lost mutation: Your body sometimes deteriorates upon taking damage. [mutagenic meat]
 35715 | D:14     | Found a large runed door.
 35716 | D:14     | Found a large runed door.
 35732 | D:14     | Found a shimmering altar of Xom.
 35732 | D:14     | Noticed a frost giant
 35741 | D:14     | Killed a frost giant
 36004 | D:14     | Found a blossoming altar of Fedhas.
 36174 | D:15     | Entered Level 15 of the Dungeon
 36271 | D:15     | Found a blossoming altar of Fedhas.
 36272 | D:15     | Found a glowing silver altar of Zin.
 36540 | D:15     | Found an oddly glowing altar of Pakellas.
 36779 | D:15     | Paralysed by a vampire knight for 5 turns
 37340 | D:15     | Reached skill level 14 in Armour
 37687 | D:15     | Gained mutation: You are immune to clouds of flame. [demonic ancestry]
 37687 | D:15     | Reached XP level 16. HP: 112/114 MP: 24/24
 38464 | Shoals:1 | Entered Level 1 of the Shoals
 40344 | Elf:1    | Identified the Tome of Stolen Souls
 40667 | Elf:1    | Found a huge runed gate.
 40667 | Elf:1    | Found a huge runed gate.
 40670 | Elf:1    | Found a huge runed gate.
 40672 | Elf:1    | Found a huge runed gate.
 40675 | Elf:1    | Found a huge runed gate.
 40677 | Elf:1    | Found a huge runed gate.
 40723 | Elf:1    | Found a huge runed gate.
 40725 | Elf:1    | Found a huge runed gate.
 40730 | Elf:1    | Found a huge runed gate.
 40730 | Elf:1    | Found a huge runed gate.
 40730 | Elf:1    | Found a huge runed gate.
 40730 | Elf:1    | Found a huge runed gate.
 40730 | Elf:1    | Found a huge runed gate.
 40748 | Elf:1    | Found a huge runed gate.
 40749 | Elf:1    | Found a huge runed gate.
 40750 | Elf:1    | Found a huge runed gate.
 40751 | Elf:1    | Found a huge runed gate.
 40751 | Elf:1    | Found a huge runed gate.
 42003 | Elf:1    | Noticed a deep elf master archer
 42003 | Elf:1    | Noticed a deep elf master archer
 42004 | Elf:1    | Noticed a deep elf master archer
 42007 | Elf:1    | Killed a deep elf master archer
 42242 | Elf:1    | Killed a deep elf master archer
 42316 | Elf:1    | Killed from afar by a deep elf high priest

Skill      XL: |  1  2  3  4  5  6  7  8  9 10 11 12 13 14 15 16 |
---------------+-------------------------------------------------+-----
Dodging        | 1 2 3 4 5 6 7 |  7.7
Armour         | 2 3 5 6 7 9 10 11 12 13 14 | 14.4
Axes           | 2 3 4 5 6 7 8 9 10 11 12 13 | 13.8
Fighting       | 4 5 6 7 8 9 10 11 12 | 12.6
Stealth        | 1 2 3 |  3.8
Shields        | 3 4 6 7 8 10 11 12 | 12.1
Invocations    | 3 6 7 8 |  8.0
Throwing       | 1 |  1.2
Evocations     | |  0.2

Action                   |  1- 3 |  4- 6 |  7- 9 | 10-12 | 13-15 | 16-18 || total
-------------------------+-------+-------+-------+-------+-------+-------++-------
Melee: Hand axe          |   109 |       |       |       |    14 |       ||   123
       War axe           |    54 |   251 |   334 |   748 |  1786 |   317 ||  3490
       Bite              |       |       |       |       |   125 |    50 ||   175
Throw: Tomahawk          |       |     3 |     3 |       |       |       ||     6
       Javelin           |       |       |       |       |     9 |     6 ||    15
Invok: Depart the Abyss  |     1 |       |       |       |     1 |       ||     2
       Banish            |       |       |       |    11 |    14 |       ||    25
       Bend Space        |       |       |       |       |     2 |     2 ||     4
Evoke: Wand              |       |       |       |       |       |     2 ||     2
       Phial of floods   |       |       |       |       |       |     1 ||     1
  Use: Scroll            |       |    17 |     6 |    22 |    12 |     2 ||    59
       Potion            |       |       |     9 |    14 |     8 |     7 ||    38
 Stab: Distracted        |       |       |     2 |     6 |    18 |     2 ||    28
       Invisible         |       |       |       |     4 |       |     4 ||     8
       Petrifying        |       |       |       |       |       |     1 ||     1
       Petrified         |       |       |       |       |       |     1 ||     1
  Eat: Chunk             |     2 |     7 |    17 |    34 |    47 |     4 ||   111
       Pizza             |       |     1 |       |       |       |       ||     1
       Fruit             |       |       |       |     2 |       |       ||     2
       Bread ration      |       |       |       |     4 |     9 |     3 ||    16
       Royal jelly       |       |       |       |       |     1 |       ||     1
Armor: Chain mail        |   149 |   257 |   256 |   489 |   559 |       ||  1710
       Skin              |       |       |       |    10 |       |       ||    10
       Plate armour      |       |       |       |       |   484 |   283 ||   767
Dodge: Dodged            |    71 |   115 |   115 |   208 |   542 |   152 ||  1203
Block: Shield            |       |       |    94 |   594 |  1604 |   370 ||  2662
       Reflection        |       |       |     1 |     2 |    38 |    43 ||    84
